 Dungeon Crawl Stone Soup version 0.19-a0-526-gbe2e51c (webtiles) character file.

229 epen the Charmwright (level 6, -2/47 HPs)
             Began as a Formicid Skald on June 7, 2016.
             Was an Initiate of the Shining One.
             Slain by Duffy's ghost (8 damage)
             ... on level 4 of the Dungeon.
             The game lasted 00:06:57 (4455 turns).

epen the Charmwright (Formicid Skald)               Turns: 4455, Time: 00:06:58

Health: -2/47      AC:  4    Str: 17    XL:     6   Next: 23%
Magic:  1/10       EV: 12    Int: 11    God:    the Shining One [......]
Gold:   268        SH:  0    Dex: 12    Spells: 4 memorised, 2 levels left

rFire  . . .     SeeInvis +     a - +0 spear
rCold  + . .     Gourm    .     e - +1 robe {rC+}
rNeg   . . .     Faith    .     (no shield)
rPois  .         Spirit   .     (helmet unavailable)
rElec  .         Dismiss  .     g - +0 cloak
rCorr  .         Reflect  .     (no gloves)
SustAt .         Harm     .     (no boots)
MR     .....                    (no amulet)
Stlth  +.........               (no ring)
                                (no ring)

@: very slightly contaminated, glowing, not resistant to hostile enchantments,
very unstealthy
A: permanent stasis, dig shafts and tunnels, four strong arms, antennae 3
a: Dig, Shaft Self, Renounce Religion


You were on level 4 of the Dungeon.
You worshipped the Shining One.
The Shining One was noncommittal.
You were very hungry.

You visited 1 branch of the dungeon, and saw 4 of its levels.

You collected 268 gold pieces.

Inventory:

Hand Weapons
 a - a +0 spear (weapon)
Missiles
 o - a throwing net (quivered)
Armour
 b - a +0 leather armour
 e - a +1 robe of cold resistance (worn)
 g - a +0 cloak (worn)
 u - a +0 pair of gloves
Jewellery
 h - an uncursed ring of wizardry {unknown}
 p - an uncursed ring of protection from magic {unknown}
 y - an uncursed amulet of the gourmand {unknown}
Scrolls
 f - a scroll of amnesia {unknown}
 j - a scroll of fog {unknown}
 k - 4 scrolls of identify {unknown}
 l - 7 scrolls of remove curse {unknown}
 t - a scroll of enchant weapon {unknown}
 v - a scroll of teleportation {unknown}
 w - a scroll of noise {unknown}
 x - a scroll of magic mapping {unknown}
Potions
 i - a potion of cure mutation {unknown}
 m - a potion of haste {unknown}
 q - a potion of lignification {unknown}
 r - a potion of brilliance {unknown}
 s - a potion of heal wounds {unknown}
Books
 c - a book of Battle

   Spells                             Type                      Level
   a - Infusion                       Charms                       1
   b - Shroud of Golubria             Charms/Translocation         2
   c - Song of Slaying                Charms                       2
   d - Spectral Weapon                Hexes/Charms                 3
   e - Regeneration                   Charms/Necromancy            3
Comestibles
 d - a bread ration
 n - a royal jelly


   Skills:
 + Level 3.2 Fighting
 * Level 3.0 Polearms
 + Level 2.2 Armour
 + Level 1.7 Dodging
 + Level 2.9 Spellcasting
 + Level 1.3 Hexes
 * Level 4.1 Charms


You had 2 spell levels left.
You knew the following spells:

 Your Spells              Type           Power        Failure   Level  Hunger
a - Infusion              Chrm           ##..         6%          1    #......
b - Song of Slaying       Chrm           ##......     10%         2    ###....
c - Spectral Weapon       Hex/Chrm       #.......     24%         3    ###....
d - Shroud of Golubria    Chrm/Tloc      #.........   21%         2    ###....


Dungeon Overview and Level Annotations

Branches:
Dungeon (4/15)
 Temple: D:4-7

Altars:
Trog
Uskayaw
The Shining One

Annotations:
D:4 Duffy's ghost, amateur DsFi


Innate Abilities, Weirdness & Mutations

You are under a permanent stasis effect.
You can dig through walls and to a lower floor.
Your four strong arms can wield two-handed weapons with a shield.
You have a pair of large antennae on your head. (SInv)


Message History

Duffy's ghost barely misses you.
You completely miss Duffy's ghost.
Duffy's ghost is severely damaged.
Duffy's ghost hits you!
You hit Duffy's ghost.
Duffy's ghost is almost destroyed.
Duffy's ghost hits you.
You hit Duffy's ghost but do no damage.
Duffy's ghost is almost destroyed.
Duffy's ghost hits you!
* * * LOW HITPOINT WARNING * * *
You are too injured to fight recklessly!
Your magical contamination has completely faded away.
Duffy's ghost closely misses you.
Casting: Shroud of Golubria
Confirm with . or Enter, or press ? or * to list all spells.
You miscast Shroud of Golubria.
You are very lightly contaminated with residual magic.
Nothing appears to happen.
Duffy's ghost hits you!
You die...

#.....# #.....#.#..... #.....#
#.[...#.#..... #.....#
#.....#.#..##. #.....#
#.....#.#..#..
######...#########'####......_
#...#####..#..#.....###.##.#..
#...+.........'.....#...##.##.
#...#.........#.....#...##....
#...##.......@#.....###'#####.
#...##.......W#.......#.#####.
##....#........'.......#...#...
#....##..####..#.......#...#...
#....##..####..#.......###.###.
#.[......#.....#....#'####'###.
##.......#.....#....#....#..'..
#........#.....'.>..'....#..#..
#....##..#.....#....######<.#..


You could see Duffy's ghost.

Vanquished Creatures
  7 gnolls
  7 adders
  A shadow imp (D:3)
  2 oozes
  2 worms
  2 dart slugs
  A giant gecko (D:3)
  An orc (D:3)
  4 bats
  4 giant cockroaches
  7 hobgoblins
  5 jackals
  13 kobolds
  2 quokkas
  A ball python (D:2)
  A giant newt (D:3)
  7 goblins
  5 rats
72 creatures vanquished.

Vanquished Creatures (others)
  2 spectral weapons
2 creatures vanquished.

Grand Total: 74 creatures vanquished

Notes
Turn   | Place    | Note
--------------------------------------------------------------
     0 | D:1      | epen the Formicid Skald began the quest for the Orb.
     0 | D:1      | Reached XP level 1. HP: 16/16 MP: 3/3
   110 | D:1      | Reached skill level 1 in Dodging
   319 | D:1      | Reached XP level 2. HP: 23/23 MP: 5/5
   323 | D:1      | Learned a level 2 spell: Song of Slaying
   886 | D:1      | Reached XP level 3. HP: 28/28 MP: 6/6
  1469 | D:2      | Learned a level 3 spell: Spectral Weapon
  1742 | D:2      | Reached XP level 4. HP: 29/34 MP: 7/7
  2433 | D:2      | Reached XP level 5. HP: 36/40 MP: 3/8
  2458 | D:2      | Reached skill level 4 in Charms
  2986 | D:3      | Found a hide-covered altar of Uskayaw.
  2987 | D:3      | Noticed a dagger
  2987 | D:3      | Noticed a dagger
  3022 | D:3      | Reached skill level 1 in Hexes
  3289 | D:3      | Reached XP level 6. HP: 22/47 MP: 6/10
  3495 | D:3      | Learned a level 2 spell: Shroud of Golubria
  3817 | D:4      | Found a glowing golden altar of the Shining One.
  3986 | D:4      | Noticed Duffy's ghost (amateur DsFi)
  4075 | D:4      | Became a worshipper of the Shining One
  4347 | D:4      | Found a bloodstained altar of Trog.
  4455 | D:4      | Slain by Duffy's ghost

Vault maps used:
D:1:      dpeg_arrival_arbitrary_a, kennysheep_flooded_box, hex_large,
          wad_floor_pattern_untrapped, hex_medium, st_stairs_13
D:2:      grunt_decor_arrowhead
D:3:      dancing_weapons_uskayaw
D:4:      old_standard_altar, nicolae_overflow_crystal_walls, tgw_fedhas,
          uniq_grinder

Skill      XL: |  1  2  3  4  5  6 |
---------------+-------------------+-----
Dodging        | 1 |  1.7
Charms         | 4 |  4.1
Armour         | 2 |  2.2
Fighting       | 3 |  3.2
Hexes          | 1 |  1.3
Polearms       | 3 |  3.0
Spellcasting   | |  2.9

Action                   |  1- 3 |  4- 6 || total
-------------------------+-------+-------++-------
Melee: Spear             |   107 |   266 ||   373
 Cast: Song of Slaying   |     1 |     3 ||     4
       Spectral Weapon   |       |     5 ||     5
       Infusion          |       |     1 ||     1
       Shroud of Golubri |       |     4 ||     4
 Stab: Sleeping          |     1 |     1 ||     2
       Distracted        |       |     1 ||     1
  Eat: Chunk             |     3 |     9 ||    12
Armor: Robe              |    31 |    48 ||    79
       Leather armour    |     1 |       ||     1
Dodge: Dodged            |    41 |   127 ||   168
